 Dungeon Crawl Stone Soup version 0.24-a0-769-g368c1644f8 (webtiles) character file.

Game seed: 10873066064645282124, levelgen mode: deterministic

39 Masnef the Cudgeler (level 3, 0/23 HPs)
             Began as a Kobold Fighter on Oct 4, 2019.
             Succumbed to an adder's poison
             ... on level 2 of the Dungeon.
             The game lasted 00:01:58 (1546 turns).

Masnef the Cudgeler (Kobold Fighter)                Turns: 1546, Time: 00:01:59

Health: 0/23       AC:  7    Str: 14    XL:     3   Next: 70%
Magic:  3/3        EV:  8    Int:  9    God:
Gold:   37         SH:  8    Dex: 14    Spells: 2/2 levels left

rFire    . . .     SeeInvis .   e - -2 whip (curse)
rCold    . . .     Gourm    .   c - +0 shield
rNeg     . . .     Faith    .   b - +0 scale mail
rPois    .         Spirit   .   i - +0 helmet
rElec    .         Reflect  .   (no cloak)
rCorr    .         Harm     .   (no gloves)
MR       .....                  (no boots)
Stlth    ..........             (no amulet)
HPRegen  0.07/turn              (no ring)
MPRegen  0.08/turn              (no ring)

@: lethally poisoned (0 -> -6)
A: small, carnivore
a: no special abilities


You were on level 2 of the Dungeon.
You were not hungry.

You visited 1 branch of the dungeon, and saw 2 of its levels.

You collected 37 gold pieces.

Inventory:

Hand Weapons
 a - a +0 flail
 e - a cursed -2 whip (weapon)
Armour
 b - a +0 scale mail (worn)
 c - a +0 shield (worn)
 i - a +0 helmet (worn)
Potions
 d - a potion of might
 g - a potion of curing
Comestibles
 f - 3 rations


   Skills:
 - Level 3.2 Fighting
 + Level 3.3 Maces & Flails
 - Level 2.5 Armour
 - Level 2.4 Shields


You had 2 spell levels left.
You didn't know any spells.
Your spell library was empty.

Dungeon Overview and Level Annotations

Branches:
Dungeon (2/15)

Altars:


Innate Abilities, Weirdness & Mutations

You are small and have problems with some larger weapons.
You are carnivorous and can eat meat at any time.


Message History

* * * LOW HITPOINT WARNING * * *
You are lethally poisoned!
The adder poisons you! You block the adder's attack.
You miss the adder.
The adder is heavily wounded.
* * * LOW HITPOINT WARNING * * *
You feel sick. You block the adder's attack.
You closely miss the adder.
The adder is heavily wounded.
The adder closely misses you.
You closely miss the adder.
The adder is heavily wounded.
* * * LOW HITPOINT WARNING * * *
You feel sick.
The adder bites you but does no damage. x2
You barely miss the adder.
The adder is heavily wounded.
The adder bites you but does no damage.
You hit the adder.
The adder is severely wounded.
You die...

#.# ##.###### #.#
#.......# #.# #.......#
#.#####.#.....#
#.............#
#####.........# .
#.#.#<....######
....#####...#.....#....#
......S@..........#.....
....#########.....#..#..
# .............#..#..
#######......#..#..
.#######.######..#..
.......#.#.)....)#..
^.......#.#.#####.###
........#.#.# #.#
............# #.#


You could see an adder.

Vanquished Creatures
  An adder (D:2)
  An ooze (D:1)
  A worm (D:2)
  A leopard gecko (D:1)
  A bat (D:1)
  2 giant cockroaches
  A goblin (D:1)
  3 hobgoblins (D:1)
  A quokka (D:2)
  A ball python (D:1)
  3 frilled lizards (D:1)
  2 kobolds
  7 rats
25 creatures vanquished.

Notes
Turn   | Place    | Note
-------+----------+-------------------------------------------
     0 | D:1      | Masnef the Kobold Fighter began the quest for the Orb.
     0 | D:1      | Reached XP level 1. HP: 14/14 MP: 1/1
   109 | D:1      | Reached XP level 2. HP: 17/19 MP: 2/2
   456 | D:1      | Reached XP level 3. HP: 17/23 MP: 3/3
  1544 | D:2      | HP: 1/23 [poisoned by an adder]
  1546 | D:2      | Succumbed to an adder's poison

Levels and vault maps discovered:
D:1:      minmay_arrival_cross, layout_basic, serial_forest,
          infiniplex_forest_straight_4, infiniplex_forest_lined_2,
          infiniplex_forest_clump_double, infiniplex_forest_straight_2,
          infiniplex_forest_clump_small
D:2:      layout_basic, overflow_temple_1_default, grunt_decor_clamped,
          hangedman_decor_growths

Skill      XL: |  1  2  3 |
---------------+----------+-----
Maces & Flails | 2 3 |  3.3
Fighting       | |  3.2
Armour         | |  2.5
Shields        | |  2.4

Action                   || total
-------------------------++-------
Melee: Flail             ||    24
       Whip              ||   158
  Use: Scroll            ||     1
       Potion            ||     1
  Eat: Chunk             ||     5
Armor: Scale mail        ||    65
Dodge: Dodged            ||    67
Block: Shield            ||    69

Table legend:
 A = Non-vault XP
 B = Vault XP
 C = Vault XP percentage of total XP
 D = Non-vault monster count
 E = Vault monster count
 F = Vault count percentage of total count
                 A         B        C        D         E       F
            +---------+---------+-------+---------+---------+-------
      Total |      57 |       0 |   0.0 |      25 |       0 |   0.0
            +---------+---------+-------+---------+---------+-------
        D:1 |      32 |       0 |   0.0 |      18 |       0 |   0.0
        D:2 |      25 |       0 |   0.0 |       7 |       0 |   0.0
            +---------+---------+-------+---------+---------+-------
